 Dungeon Crawl Stone Soup version 0.18-a0-1539-g1c7284a (webtiles) character file.

44 Kidiri the Magician (level 3, 0/20 HPs)
             Began as a Deep Elf Fire Elementalist on Mar 9, 2016.
             Succumbed to Crazy Yiuf's poison
             ... on level 2 of the Dungeon.
             The game lasted 00:05:13 (1537 turns).

Kidiri the Magician (Deep Elf Fire Elementalist)    Turns: 1537, Time: 00:05:14

Health: 0/20       AC:  3    Str:  5    XL:     3   Next: 41%
Magic:  1/10       EV: 19    Int: 20    God:
Gold:   72         SH:  0    Dex: 20    Spells: 4 memorised, 0 levels left

rFire  . . .     SeeInvis .     j - +2 dagger (venom)
rCold  . . .     Gourm    .     a - +1 robe
rNeg   . . .     Faith    .     (no shield)
rPois  .         Spirit   .     (no helmet)
rElec  .         Dismiss  .     (no cloak)
rCorr  +         Reflect  .     (no gloves)
SustAt .         Harm     .     (no boots)
MR     .....                    (no amulet)
Stlth  ++++......               (no ring)
                                i - ring of resist corrosion

@: agile, lethally poisoned (0 -> -17), flying, very slightly contaminated,
hasted, very quick, not resistant to hostile enchantments, stealthy
A: deterioration 1
a: no special abilities


You were on level 2 of the Dungeon.
You were not hungry.

You visited 1 branch of the dungeon, and saw 2 of its levels.

You collected 72 gold pieces.

Inventory:

Hand Weapons
 j - a +2 dagger of venom (weapon)
Armour
 a - a +1 robe (worn)
Jewellery
 i - a ring of resist corrosion (left hand)
Books
 b - a book of Flames

   Spells                             Type                      Level
   a - Flame Tongue                   Conjuration/Fire             1
   b - Throw Flame                    Conjuration/Fire             2
   c - Conjure Flame                  Conjuration/Fire             3
   d - Inner Flame                    Hexes/Fire                   3
   e - Sticky Flame                   Conjuration/Fire             4
   f - Fireball                       Conjuration/Fire             5
Comestibles
 c - a bread ration
 f - 5 chunks of flesh


   Skills:
 + Level 0.5 Fighting
 + Level 2.8 Dodging
 + Level 3.1 Stealth
 * Level 3.8 Spellcasting
 + Level 1.3 Conjurations
 + Level 1.0 Hexes
 + Level 3.4 Fire Magic


You couldn't memorise any spells.
You knew the following spells:

 Your Spells              Type           Power        Failure   Level  Hunger
a - Flame Tongue          Conj/Fire      ##...        6%          1    None
b - Throw Flame           Conj/Fire      ##....       10%         2    ##.....
c - Conjure Flame         Conj/Fire      ##......     17%         3    ###....
d - Inner Flame           Hex/Fire       ##......     17%         3    ###....


Dungeon Overview and Level Annotations

Branches:
Dungeon (2/15)

Altars:

Annotations:
D:2 Crazy Yiuf


Innate Abilities, Weirdness & Mutations

Your body sometimes deteriorates upon taking damage.


Message History

It was a potion of haste.
You feel as though your hastened speed will last longer.
* * * LOW HITPOINT WARNING * * *
You feel sick.
Drink which item? (? for menu, Esc to quit)
It was a potion of flight.
You feel very buoyant.
You fly up into the air.
Drink which item? (? for menu, Esc to quit)
It was a potion of agility.
You feel agile all of a sudden.
* * * LOW HITPOINT WARNING * * *
You feel sick.
Crazy Yiuf hits you with a quarterstaff of chaos.
* * * LOW HITPOINT WARNING * * *
You are more poisoned.
Drink which item? (? for menu, Esc to quit)
It was a potion of mutation.
You feel extremely strange.
You feel clever.
You feel stupid.
You feel yourself wasting away.
You die...

##.##
##.####.......######
...### #.## ##.##..##
.....# #.. ...##.##
..##.###.########.#
.###.#...# ##
###..#...#
##...#...#######
#........#..)#)### ###
#............)#)@##)))#
##...##......####g')).#
###..###.#..## ###)))#
.###.######## ###
..##..#### .........#
......##.# ###
########.#######.#
#.........#


You could see Crazy Yiuf.

Vanquished Creatures
  An adder (D:2)
  A giant gecko (D:1)
  A ball python (D:1)
  3 giant cockroaches
  3 goblins
  4 hobgoblins (D:1)
  4 kobolds
  3 bats (D:1)
  13 giant newts
  4 rats
37 creatures vanquished.

Notes
Turn   | Place    | Note
--------------------------------------------------------------
     0 | D:1      | Kidiri the Deep Elf Fire Elementalist began the quest for the Orb.
     0 | D:1      | Reached XP level 1. HP: 10/10 MP: 6/6
   199 | D:1      | Reached XP level 2. HP: 10/15 MP: 2/8
   213 | D:1      | Learned a level 2 spell: Throw Flame
  1062 | D:1      | Reached XP level 3. HP: 20/20 MP: 8/10
  1067 | D:1      | Learned a level 3 spell: Conjure Flame
  1071 | D:1      | Learned a level 3 spell: Inner Flame
  1463 | D:2      | Reached skill level 1 in Hexes
  1519 | D:2      | Noticed Crazy Yiuf
  1536 | D:2      | HP: 1/20 [Crazy Yiuf/quarterstaff of chaos (3)]
  1537 | D:2      | Gained mutation: Your mind is acute. (Int +2) [potion of mutation]
  1537 | D:2      | Lost mutation: Your mind is acute. (Int +2) [potion of mutation]
  1537 | D:2      | Gained mutation: Your body sometimes deteriorates upon taking damage. [potion of mutation]
  1537 | D:2      | Succumbed to Crazy Yiuf's poison

Vault maps used:
D:1:      onia_arrival_mini_spirals, minmay_misc_feat_nine_boxes, st_stairs_5,
          glass_columns_a, minmay_lizard_king
D:2:      minivault_19, uniq_crazy_yiuf_cottage

Skill      XL: |  1  2  3 |
---------------+----------+-----
Stealth        | 3 |  3.1
Hexes          | 1 |  1.0
Fighting       | |  0.5
Dodging        | |  2.8
Spellcasting   | |  3.8
Conjurations   | |  1.3
Fire Magic     | |  3.4

Action                   || total
-------------------------++-------
Melee: Short sword       ||    27
       Dagger            ||    10
 Cast: Flame Tongue      ||    38
       Throw Flame       ||     4
       Conjure Flame     ||     1
  Use: Potion            ||     4
       Scroll            ||     1
 Stab: Sleeping          ||     4
  Eat: Chunk             ||     2
